cohdb
Replays
Latest Replays
All Replays
Popular Replays
Top Player Replays
Match Explorer
How It Works
Community
CoH3 Stats
Reddit
Sign in to upload your games and track your stats! →
Sign in with Steam
Match 43960404
Unlisted
Match 43960404
Overview
Messages
Build Orders
End
Selects Heavy Armor Battlegroup
Vickers Machine Gun Team
Construct Section Command Post
Infantry Section
ML 3-inch Mortar Team
Selects Light Vehicle Withdraw and Refit
Construct Platoon Command Post
Humber Armored Car
Humber Armored Car
6-pounder Anti-tank Gun Team
Construct Company Command Post
Selects UNKNOWN (202330)
Selects Recon Artillery
Selects Recon Artillery
Recon Artillery
Matilda II Heavy Tank
orengebanana
SiliconDeath
garnett_84
Joraad
老公
3306703113
0
0
Comments
sign in to comment!
No comments posted yet!